 Dungeon Crawl Stone Soup version 0.21.1-1-g345015fe64 (webtiles) character file.

2943 Gargoyl the Chopper (level 9, -15/74 HPs)
             Began as a Centaur Abyssal Knight on May 17, 2018.
             Was an Elder of Lugonu.
             Demolished by a two-headed ogre
             ... wielding a +0 giant club
              (20 damage)
             ... on level 8 of the Dungeon.
             The game lasted 00:13:27 (7902 turns).

Gargoyl the Chopper (Centaur Abyssal Knight)        Turns: 7902, Time: 00:13:28

Health: -15/74     AC: 17    Str: 21    XL:     9   Next: 51%
Magic:  13/13      EV:  5    Int: 11    God:    Lugonu [****..]
Gold:   324        SH:  0    Dex: 11    Spells: 8/8 levels left

rFire    . . .     SeeInvis .   h - +0 war axe
rCold    . . .     Gourm    .   (no shield)
rNeg     . . .     Faith    .   s - +0 plate armour
rPois    .         Spirit   .   (no helmet)
rElec    .         Reflect  .   (no cloak)
rCorr    .         Harm     .   g - +0 pair of gloves
MR       .....                  (no barding)
Stlth    ..........             (no amulet)
HPRegen  0.22/turn              e - +5 ring of strength
MPRegen  0.13/turn              d - +6 ring of protection

@: very quick
A: large, hooves 3, deformed body, speed 2, tough skin 3
a: Depart the Abyss, Bend Space, Banish, Corrupt, Renounce Religion


You were on level 8 of the Dungeon.
You worshipped Lugonu.
Lugonu was greatly pleased with you.
You were not hungry.

You visited 1 branch of the dungeon, and saw 8 of its levels.
You visited the Abyss 1 time.
You also visited: Sewer.

You collected 324 gold pieces.

Inventory:

Hand Weapons
 a - a +1 hand axe
 h - a +0 war axe (weapon)
Missiles
 o - 12 tomahawks (quivered)
Armour
 g - a +0 pair of gloves (worn)
 s - a +0 plate armour (worn)
Jewellery
 d - a +6 ring of protection (right hand)
 e - a +5 ring of strength (left hand)
 u - a +2 ring of slaying {unknown}
 v - an uncursed ring of positive energy {unknown}
Wands
 f - a wand of iceblast (6)
 k - a wand of acid (9)
Scrolls
 l - 4 scrolls of teleportation
 n - 2 scrolls of identify
 q - a scroll of amnesia
Potions
 b - 2 potions of curing
 i - a potion of flight
 j - 2 potions of agility
 m - a potion of heal wounds
 r - a potion of cancellation {unknown}
Books
 p - a book of Maledictions

   Spells                             Type                      Level
   a - Corona                         Hexes                        1
   b - Ensorcelled Hibernation        Hexes/Ice                    2
   c - Confuse                        Hexes                        3
   d - Tukima's Dance                 Hexes                        3
   e - Dazzling Spray                 Conjuration/Hexes            3
 t - a book of Flames

   Spells                             Type                      Level
   a - Flame Tongue                   Conjuration/Fire             1
   b - Throw Flame                    Conjuration/Fire             2
   c - Conjure Flame                  Conjuration/Fire             3
   d - Inner Flame                    Hexes/Fire                   3
   e - Sticky Flame                   Conjuration/Fire             4
   f - Fireball                       Conjuration/Fire             5
Comestibles
 c - 15 rations


   Skills:
 + Level 5.5 Fighting
 + Level 7.5 Axes
 * Level 5.4 Armour
 + Level 2.4 Dodging
 * Level 6.2 Invocations
 + Level 0.2 Evocations


You had 8 spell levels left.
You didn't know any spells.

Dungeon Overview and Level Annotations

Branches:
Dungeon (8/15)             Temple (0/1) D:4
   Lair: D:8-11

Altars:
Elyvilon
Gozag
Hepliaklqana
Sif Muna
Trog
Uskayaw
Xom
Yredelemnul
The Shining One

Annotations:
D:3 Edmund


Innate Abilities, Weirdness & Mutations

You have hooves in place of feet.
Armour fits poorly on your strangely shaped body.
You cover ground very quickly.
You have extremely tough skin. (AC +3)


Message History

The two-headed ogre hits you with a giant club.
You hit the two-headed ogre.
The two-headed ogre is moderately wounded.
You slash the two-headed ogre!
You kick the two-headed ogre, but do no damage.
The two-headed ogre is heavily wounded.
The two-headed ogre hits you but does no damage.
The two-headed ogre hits you with a giant club.
You hit the two-headed ogre but do no damage.
You kick the two-headed ogre!
The two-headed ogre is severely wounded.
The two-headed ogre hits you with a giant club!!
The two-headed ogre hits you with a giant club.
* * * LOW HITPOINT WARNING * * *
You slash the two-headed ogre! Your kick misses the two-headed ogre.
The two-headed ogre is almost dead.
The two-headed ogre hits you with a giant club!
* * * LOW HITPOINT WARNING * * *
The two-headed ogre hits you with a giant club!!
You die...

>..........#.#
#
#.....#.#...#
#.#.....#.#..#
#.........#..#
.............#
.......<.....#
.............#
###.....#....#
#######@...#
......O.....#
########....#
......#
#...... .##...
.# ### .#


You could see a two-headed ogre.

Vanquished Creatures
  The ghost of Fyrda the Poker, a novice MfBe of Trog (D:5)
  An ice beast (D:5)
  4 ogres
  3 centaurs
  5 bullfrogs
  A big kobold (Sewer)
  A scorpion (D:6)
  3 wights (D:6)
  A howler monkey (D:6)
  2 crimson imps
  A centaur zombie (D:7)
  A quasit (D:4)
  4 orc priests (D:5)
  4 orc wizards
  2 bullfrog skeletons
  2 jellies
  3 hounds
  An iguana (D:4)
  5 worker ants
  A hound zombie (D:5)
  8 adders
  A shadow imp (Sewer)
  5 ufetubi (Sewer)
  An ooze (D:4)
  An adder skeleton (D:5)
  An adder zombie (D:7)
  3 worms
  3 dart slugs
  A leopard gecko (D:2)
  15 orcs
  5 giant cockroaches
  6 goblins
  5 hobgoblins
  16 jackals
  21 kobolds
  5 quokkas
  2 ball pythons (D:1)
  8 bats
  7 frilled lizards
  A kobold zombie (Sewer)
  A leopard gecko zombie (D:6)
  10 rats
172 creatures vanquished.

Vanquished Creatures (others)
  The ghost of Gargoyl the Covered, a novice CeAK of Lugonu (D:7)
  A big kobold zombie (Sewer)
  An ooze (Sewer)
3 creatures vanquished.

Grand Total: 175 creatures vanquished

Notes
Turn   | Place    | Note
-------+----------+-------------------------------------------
     0 | Abyss:1  | Gargoyl the Centaur Abyssal Knight began the quest for the Orb.
     0 | Abyss:1  | Reached XP level 1. HP: 19/19 MP: 2/2
    59 | Abyss:2  | Noticed a neqoxec
    71 | D:1      | Escaped the Abyss
   319 | D:1      | Reached skill level 2 in Axes
   319 | D:1      | Reached XP level 2. HP: 26/26 MP: 3/3
   346 | D:1      | Reached * piety under Lugonu
   715 | D:2      | Reached XP level 3. HP: 33/33 MP: 4/4
  1152 | D:2      | Reached ** piety under Lugonu
  1250 | D:2      | Noticed a dagger
  1251 | D:2      | Found a hide-covered altar of Uskayaw.
  1253 | D:2      | Noticed a hand axe
  1404 | D:2      | Found a bloodstained altar of Trog.
  1410 | D:2      | Reached XP level 4. HP: 40/40 MP: 5/5
  1974 | D:3      | Found a glowing drain.
  1985 | Sewer    | Entered a sewer
  2157 | Sewer    | Reached XP level 5. HP: 15/46 MP: 6/6
  2198 | Sewer    | Reached *** piety under Lugonu
  2212 | Sewer    | Reached skill level 3 in Axes
  2271 | Sewer    | Reached skill level 1 in Dodging
  2734 | Sewer    | Found a burning altar of Makhleb.
  2760 | Sewer    | Noticed Grinder
  3500 | D:4      | Reached XP level 6. HP: 49/52 MP: 8/8
  3879 | D:4      | Found a glowing golden altar of the Shining One.
  3916 | D:4      | Found a shimmering altar of Xom.
  3917 | D:4      | Found a hazy altar of Hepliaklqana.
  3918 | D:4      | Noticed a spectral ugly thing
  3984 | D:4      | Found a deep blue altar of Sif Muna.
  4037 | D:4      | Found a staircase to the Ecumenical Temple.
  4160 | D:4      | Noticed Edmund
  4583 | D:4      | Reached skill level 4 in Axes
  4583 | D:4      | Reached XP level 7. HP: 39/59 MP: 9/9
  4929 | D:5      | Entered Level 5 of the Dungeon
  4963 | D:5      | Found a basalt altar of Yredelemnul.
  5145 | D:5      | Noticed Fyrda's ghost (novice MfBe)
  5159 | D:5      | Killed Fyrda's ghost
  5270 | D:5      | Reached XP level 8. HP: 62/67 MP: 11/11
  5281 | D:5      | Reached **** piety under Lugonu
  5281 | D:5      | Reached skill level 5 in Axes
  6069 | D:5      | Found a white marble altar of Elyvilon.
  6289 | D:6      | Reached skill level 6 in Axes
  6289 | D:6      | Reached skill level 5 in Invocations
  6291 | D:6      | Reached skill level 5 in Fighting
  6863 | D:7      | Noticed Gargoyl's ghost (novice CeAK)
  6872 | D:7      | Banished Gargoyl's ghost
  6872 | D:7      | Reached XP level 9. HP: 47/74 MP: 8/13
  7140 | D:7      | Reached skill level 7 in Axes
  7140 | D:7      | Reached skill level 5 in Armour
  7336 | D:7      | Found an opulent altar of Gozag.
  7897 | D:8      | Noticed a two-headed ogre
  7902 | D:8      | Demolished by a two-headed ogre

Skill      XL: |  1  2  3  4  5  6  7  8  9 |
---------------+----------------------------+-----
Axes           | 2 3 4 6 7 |  7.5
Armour         | 2 3 4 5 |  5.4
Dodging        | 1 2 |  2.4
Fighting       | 4 5 |  5.5
Invocations    | 3 4 5 6 |  6.2
Evocations     | |  0.2

Action                   |  1- 3 |  4- 6 |  7- 9 || total
-------------------------+-------+-------+-------++-------
Melee: Hand axe          |    98 |   178 |       ||   276
       Kick              |    18 |    42 |    71 ||   131
       War axe           |       |    52 |   223 ||   275
Invok: Depart the Abyss  |     1 |       |       ||     1
       Banish            |       |       |     2 ||     2
Evoke: Wand              |       |       |     2 ||     2
  Use: Scroll            |     4 |     3 |     4 ||    11
       Potion            |       |     6 |     2 ||     8
 Stab: Invisible         |       |       |     3 ||     3
  Eat: Chunk             |       |     4 |     1 ||     5
       Ration            |       |     2 |     3 ||     5
Armor: Ring mail         |    73 |   233 |    71 ||   377
       Plate armour      |       |       |   115 ||   115
Dodge: Dodged            |    41 |   182 |    83 ||   306
